 Dungeon Crawl Stone Soup version 0.29-a0-1065-g47a6bb87d6 (webtiles) character file.

Game seed: 12555679905982858776

1628 Newt the Twirler (level 8, -21/60 HPs)
             Began as a Demonspawn Gladiator on Aug 18, 2022.
             Was an Initiate of Gozag.
             Demolished by an orc warlord
             ... wielding a +4 battleaxe
              (32 damage)
             ... on level 7 of the Dungeon.
             The game lasted 00:14:47 (4604 turns).

Newt the Twirler (Demonspawn Gladiator)             Turns: 4604, Time: 00:14:48

Health: -21/60     AC:  8    Str: 16    XL:     8   Next: 65%
Magic:  8/8        EV: 12    Int: 10    God:    Gozag
Gold:   497        SH:  0    Dex: 15    Spells: 7/7 levels left

rFire   . . .      SeeInvis .   p - +1 quarterstaff (spect)
rCold   + . .      Faith    .   (shield currently unavailable)
rNeg    . . .      Spirit   .   b - +0 leather armour
rPois   .          Reflect  .   c - +0 helmet
rElec   .          Harm     .   y - +1 cloak
rCorr   .          Rampage  .   (no gloves)
Will    .....                   w - +0 pair of boots
Stlth   ++........              f - amulet of regeneration
HPRegen 1.00/turn               k - ring of protection from cold
MPRegen 0.11/turn               (no ring)

@: about to teleport
A: powered by pain 1, spiny 1, demonic touch 2
a: Renounce Religion, Potion Petition, Call Merchant, Bribe Branch


You were on level 7 of the Dungeon.
You worshipped Gozag.
Gozag was aware of your devotion.
You visited 2 branches of the dungeon, and saw 8 of its levels.
You also visited: Bailey.

You collected 624 gold pieces.
You spent 65 gold pieces at shops.
You paid 62 gold pieces to Gozag.

Inventory:

Hand Weapons
 a - a +0 rapier
 p - a +1 spectral quarterstaff (weapon)
 x - a -2 lajatang
Missiles
 d - 3 throwing nets
 e - a javelin
 h - 19 boomerangs (quivered)
Armour
 b - a +0 leather armour (worn)
 c - a +0 helmet (worn)
 u - a scarf of shadows
 w - a +0 pair of boots (worn)
 y - a +1 cloak (worn)
Jewellery
 f - an amulet of regeneration (around neck)
 k - a ring of protection from cold (left hand)
 t - an amulet of faith
Wands
 s - a wand of flame (21)
Scrolls
 g - 2 scrolls of vulnerability
 j - a scroll of magic mapping
 n - a scroll of acquirement
 o - a scroll of butterflies
 r - 5 scrolls of teleportation
Potions
 i - 7 potions of curing
 l - 3 potions of flight
 m - 4 potions of haste
 q - 3 potions of brilliance
 A - 2 potions of heal wounds


   Skills:
 - Level 4.0 Fighting
 - Level 3.0 Short Blades
 + Level 6.8 Staves
 - Level 4.0 Throwing
 - Level 4.0 Armour
 - Level 2.6 Dodging
 - Level 3.0 Stealth


You had 7 spell levels left.
You didn't know any spells.
Your spell library contained the following spells:

 Spells                   Type           Power      Damage    Failure   Level
 Apportation              Tloc           0%         N/A       41%         1
 Beastly Appendage        Tmut           0%         N/A       41%         1
 Necrotise                Necr           0%         1d4       41%         1
 Summon Small Mammal      Summ           0%         N/A       41%         1
 Blink                    Tloc           0%         N/A       56%         2
 Wereblood                Tmut           0%         N/A       56%         2
 Lesser Beckoning         Tloc           0%         N/A       80%         3
 Spider Form              Tmut/Pois      0%         N/A       80%         3
 Iskenderun's Battlesphe  Conj           0%         2d6       100%        5
 Manifold Assault         Tloc           0%         N/A       100%        5
 Iron Shot                Conj/Erth      0%         9d1       100%        6
 Spellforged Servitor     Conj/Summ      0%         N/A       100%        7


Dungeon Overview and Level Annotations

Branches:
Dungeon (7/15)             Temple (1/1) D:5          Bailey (visited)

Altars:
Ashenzari
Dithmenos
Fedhas
Gozag
Hepliaklqana
Kikubaaqudgha
Makhleb
Nemelex Xobeh
Ru
Sif Muna
Trog
Uskayaw
Vehumet
Xom
Yredelemnul

Shops:
D:6 (*

Annotations:
D:6 exclusion: statue


Innate Abilities, Weirdness & Mutations

You sometimes gain a little power by taking damage.
You are partially covered in sharp spines.
Your touch may inflict irresistible damage on your foes.


Message History

It is a scroll of amnesia.
You feel forgetful for a moment.
Unknown command.
As you read the scroll labelled EDDAHU OSENOLE, it crumbles to dust.
It is a scroll of enchant armour.
Your +0 cloak glows green for a moment.
Okay, then.
Okay, then.
It was a potion of cancellation.
You feel magically purged.
You start waiting.
The orc warlord shouts!
Done waiting.
Unknown command.
You open the gate.
The orc warlord attacks as you move away!
The orc warlord is struck by your spines.
The orc warlord hits you with a +4 battleaxe.
Blink to where?
Press: ? - help, Q - select action, (/) - cycle Dir - move target
As you read the scroll of blinking, it crumbles to dust.
You see here a scroll of acquirement.
n - a scroll of acquirement You see here a scarf of shadows.
u - a scarf of shadows The orc warlord hits you with a +4 battleaxe!
The orc warlord attacks as you move away!
The orc warlord hits you with a +4 battleaxe!!
* * * LOW HITPOINT WARNING * * *
There is a gate leading back out of this place here.
The orc warlord hits you with a +4 battleaxe!
* * * LOW HITPOINT WARNING * * *
Welcome back to the Dungeon!
There is an empty arch of ancient stone here.
Unknown command.
As you read the scroll of teleportation, it crumbles to dust.
You feel strangely unstable.
The orc warlord hits you with a +4 battleaxe!!
Ouch! That really hurt!
You die...
Your body crumbles into a pile of gold.

#######.
##.......
##<.######### $
#......8....##.
#..............
##..8.....8....
#...........#
##.........##.
.####8...@...8...
........o.....##.
..............##
.$.##.8.....8..#
....#............
#.......8..$.#..
###.....######..
#######


You could see an orc warlord.

Vanquished Creatures
  Menkaure (D:4)
  5 orc warriors (Bailey)
  An ice beast (D:6)
  2 ogres
  A necrophage (D:6)
  2 hounds (D:5)
  3 jellies
  2 orc priests
  An iguana (D:6)
  6 orc wizards
  Robin (D:4)
  6 gnolls
  14 adders
  A shadow imp (D:6)
  A white imp (D:3)
  2 worms (D:2)
  A dart slug (D:2)
  20 orcs
  10 ball pythons
  7 endoplasms
  2 giant cockroaches
  18 goblins
  9 hobgoblins
  15 kobolds
  3 quokkas
  2 bats (D:1)
  7 frilled lizards
  5 rats
148 creatures vanquished.

Notes
Turn   | Place    | Note
-------+----------+-------------------------------------------
     0 | D:1      | Newt the Demonspawn Gladiator began the quest for the Orb.
     0 | D:1      | Reached XP level 1. HP: 16/16 MP: 1/1
    43 | D:1      | Reached skill level 1 in Stealth
   166 | D:1      | Gained mutation: You are partially covered in sharp spines.
                  | [demonic ancestry]
   166 | D:1      | Reached XP level 2. HP: 22/22 MP: 2/2
   248 | D:1      | Found a faded altar of an unknown god.
   644 | D:2      | Gained mutation: Your touch may inflict minor irresistible
                  | damage on your foes. [demonic ancestry]
   644 | D:2      | Reached XP level 3. HP: 27/27 MP: 3/3
   848 | D:2      | Noticed an ogre
   858 | D:2      | Killed an ogre
   859 | D:2      | Reached skill level 2 in Staves
   859 | D:2      | Reached XP level 4. HP: 31/33 MP: 4/4
   859 | D:2      | Gained mutation: Your touch may inflict irresistible damage
                  | on your foes. [demonic ancestry]
   859 | D:2      | Reached XP level 5. HP: 36/38 MP: 5/5
  1150 | D:2      | Reached skill level 3 in Staves
  1354 | D:3      | Reached skill level 4 in Staves
  1378 | D:3      | Reached XP level 6. HP: 44/44 MP: 6/6
  1880 | D:4      | Noticed Robin
  1900 | D:4      | Killed Robin
  1932 | D:4      | Noticed Menkaure
  1940 | D:5      | Entered Level 5 of the Dungeon
  2002 | D:4      | Killed Menkaure
  2003 | D:4      | Reached skill level 5 in Staves
  2192 | D:4      | Found a blossoming altar of Fedhas.
  2199 | D:4      | Reached XP level 7. HP: 52/52 MP: 7/7
  2596 | D:4      | Found a hide-covered altar of Uskayaw.
  2818 | D:5      | Found a staircase to the Ecumenical Temple.
  2835 | Temple   | Entered the Ecumenical Temple
  2842 | Temple   | Became a worshipper of Gozag Ym Sagoz the Greedy
  2885 | D:5      | Reached skill level 1 in Armour
  3494 | D:6      | Found Zakk's Weapon Shoppe.
  3525 | D:6      | Gained mutation: You sometimes gain a little power by
                  | taking damage. [demonic ancestry]
  3525 | D:6      | Reached XP level 8. HP: 60/60 MP: 8/8
  3636 | D:6      | Found a radiant altar of Vehumet.
  3897 | D:6      | Found Latzeim's Lightly-Used Armoury.
  3902 | D:6      | Bought a -2 lajatang for 65 gold pieces
  4151 | D:7      | Found a flagged portal.
  4177 | Bailey   | Entered a bailey
  4182 | Bailey   | Noticed an orc warlord
  4225 | Bailey   | HP: 1/60 [orc warrior/+0 broad axe (19)]
  4301 | Bailey   | Found a runed translucent gate.
  4303 | Bailey   | Found a runed translucent gate.
  4305 | Bailey   | Found a runed translucent gate.
  4324 | Bailey   | Reached skill level 6 in Staves
  4604 | D:7      | Demolished by an orc warlord

Illustrated notes

Levels and vault maps discovered:
D:1:      enne_arrival_octagon_isle, layout_basic, basic_ecumenical_altar
D:2:      layout_loops_cross
D:3:      layout_rooms, nicolae_elevator_lobby_asterisk
D:4:      cheibrodos_quashed, layout_cave_pods, nicolae_uskayaw_suspiria,
          fedhas_altar_2, uniq_robin, uniq_menkaure
D:5:      layout_rooms, temple_pool_b, enter_ossuary_1
D:6:      layout_basic, vehumet_statue, serial_shops,
          nicolae_shop_bloodbath_and_beyond, minmay_shop_damaged,
          minmay_misc_feat_doors, corexii_corridor_pit,
          hangedman_decor_peaks_small
D:7:      layout_layer_cave, mainiacjoe_overflow_brackets, enter_bailey_6,
          uniq_maggie, uniq_pikel
Temple:   nicolae_temple_no_exploring_needed

Skill      XL: |  1  2  3  4  5  6  7  8 |
---------------+-------------------------+-----
Stealth        | 1 2 3 |  3.0
Short Blades   | 3 |  3.0
Staves         | 2 4 5 6 |  6.8
Fighting       | 3 4 |  4.0
Armour         | 4 |  4.0
Throwing       | 2 4 |  4.0
Dodging        | |  2.6

Action                   |  1- 3 |  4- 6 |  7- 9 || total
-------------------------+-------+-------+-------++-------
Melee: Rapier            |    62 |       |       ||    62
       Quarterstaff      |     4 |    69 |    93 ||   166
       Touch             |     4 |       |       ||     4
Throw: Javelin           |     1 |       |       ||     1
  Use: Scroll            |     6 |     4 |     6 ||    16
       Potion            |     1 |     4 |     2 ||     7
 Stab: Sleeping          |     5 |     1 |     2 ||     8
       Distracted        |       |       |     5 ||     5
Armor: Leather armour    |    11 |    19 |    14 ||    44
       Skin              |       |    46 |       ||    46
Dodge: Dodged            |    27 |    36 |    42 ||   105

Table legend: (Time is in decaauts)
 A = Elapsed time spent in this place.
 B = Non-inter-level travel time spent in this place.
 C = Inter-level travel time spent in this place.
 D = Time resting spent in this place.
 E = Time spent auto-exploring this place.
 F = Levels seen in this place.
 G = Mean time per level.
                   A        B        C        D        E       F      G
               +--------+--------+--------+--------+--------+-----+--------+
         Total |   4608 |   4460 |    148 |    233 |   3019 |   9 |  512.0 |
       Dungeon |   4162 |   4014 |    148 |     99 |   3019 |   7 |  594.6 |
        Temple |     14 |     14 |      0 |      0 |      0 |   1 |   14.0 |
        Bailey |    431 |    431 |      0 |    134 |      0 |   1 |  431.0 |
               +--------+--------+--------+--------+--------+-----+--------+

Top non-repeatable levels by time:
     D:4: 1036 daAuts
     D:6: 882 daAuts
     D:1: 636 daAuts
     D:2: 635 daAuts
     D:5: 486 daAuts
     D:3: 458 daAuts
  Bailey: 431 daAuts
     D:7: 26 daAuts
  Temple: 14 daAuts
